 Dungeon Crawl Stone Soup version 0.30.1-11-g7821555f0a (webtiles) character file.

Game seed: 12512932630450313643

78167 PaiMei the Lord of Darkness (level 15, -6/122 (125) HPs)
             Began as a Demonspawn Necromancer on Jan 11, 2024.
             Was the Champion of Kikubaaqudgha.
             Mangled by a hell hound (8 damage)
             ... on level 1 of the Abyss.
             The game lasted 01:11:22 (50485 turns).

PaiMei the Lord of Darkness (DsNe)                 Turns: 50485, Time: 01:11:22

HP:   -6/122 (125)  AC: 23    Str:  9      XL:     15   Next: 17%
MP:   0/25          EV: 15    Int: 22 (23) God:    Kikubaaqudgha [******]
Gold: 1910          SH:  0    Dex: 13 (14) Spells: 18/39 levels left

rFire   . . .        k - +2 hammer (protect)
rCold   . . .        B - orb {*channel}
rNeg    + . .        z - +0 troll leather armour
rPois   .            n - +2 helmet
rElec   +            g - +2 cloak
rCorr   .            (gloves unavailable)
SInv    .            (no boots)
Will    +....        F - amulet of the acrobat
Stlth   +            P - ring of wizardry
HPRegen 1.20/turn    D - ring of positive energy
MPRegen 0.38/turn

%: acrobat, guardian spirit, wizardry (x1), channel magic (20%)
@: under a protective aura, lightly drained, very slow
A: thin metallic scales 3, powered by death 2, magic shield, magic regeneration,
magic link, demonic touch 3, [deterioration 2], [low MP 2], [subdued magic 3]
a: Renounce Religion, Unearth Wretches, Torment, Brand Weapon With Pain, Receive
Forbidden Knowledge


You were on level 1 of the Abyss.
You worshipped Kikubaaqudgha.
Kikubaaqudgha was exalted by your worship.
You visited 4 branches of the dungeon, and saw 23 of its levels.
You visited the Abyss 1 time.
You also visited: Sewer.

You collected 2334 gold pieces.
You spent 424 gold pieces at shops.

Inventory:

Hand Weapons
 k - a +2 hammer of protection (weapon)
 C - a +4 vampiric trident
 Y - the +6 flail "Odac" {venom, rPois Int+3 Dex-4}
   (You bought it in a shop on level 11 of the Dungeon)

   Int:       It affects your intelligence (+3).
   Dex:       It affects your dexterity (-4).
   rPois:     It protects you from poison.
Missiles
 X - 7 curare-tipped darts
 Z - a throwing net
Armour
 g - a +2 cloak (worn)
 n - a +2 helmet (worn)
 z - a +0 troll leather armour (worn)
 B - an orb of energy (worn)
 E - a +0 buckler
 N - a +2 ring mail of willpower
Magical Staves
 r - a staff of death
Jewellery
 D - a ring of positive energy (right hand)
 F - an amulet of the acrobat (around neck)
 K - a ring of flight
 P - a ring of wizardry (left hand)
Wands
 t - a wand of roots (5)
 x - a wand of polymorph (2)
 H - a wand of flame (53)
 I - a wand of charming (27)
 S - a wand of acid (7)
Scrolls
 a - 4 scrolls of fog
 c - 2 scrolls of immolation
 d - 2 scrolls of enchant armour
 e - 8 scrolls of teleportation
 f - 4 scrolls of magic mapping
 j - 3 scrolls of butterflies
 p - 2 scrolls of vulnerability
 q - 3 scrolls of amnesia
 u - 4 scrolls of silence
 v - a scroll of fear
 w - 4 scrolls of poison
 G - 3 scrolls of torment
 Q - a scroll of enchant weapon
 R - a scroll of identify
 V - a scroll of acquirement
Potions
 b - 3 potions of magic
 h - 8 potions of curing
 i - 3 potions of invisibility
 l - 5 potions of attraction
 m - 8 potions of brilliance
 o - a potion of heal wounds
 s - 3 potions of berserk rage
 J - 7 potions of might
 M - 4 potions of resistance
 O - 4 potions of flight
 U - 4 potions of haste
 W - 3 potions of cancellation
Miscellaneous
 A - a phial of floods
 L - a piece from Xom's chessboard (15/15)


   Skills:
 + Level 13.8 Fighting
 + Level 8.0 Armour
 - Level 10.2 Dodging
 - Level 2.0 Stealth
 + Level 12.9 Spellcasting
 + Level 15.6 Necromancy


You had 18 spell levels left.
You knew the following spells:

 Your Spells              Type           Power      Damage    Failure   Level
a - Necrotise             Necr           100%       1d9       1%          1
b - Vampiric Draining     Necr           43%        2d9       1%          3
c - Animate Dead          Necr           43%        N/A       1%          4
d - Agony                 Necr           43%        N/A       1%          5
e - Dispel Undead         Necr           43%        3d17      1%          4
f - Anguish               Hex/Necr       12%        N/A       1%          4

Your spell library contained the following spells:

 Spells                   Type           Power      Damage    Failure   Level
 Cigotuvi's Dreadful Rot  Necr/Pois/Air  38%        N/A       1%          2
 Sandblast                Erth           14%        2d6       4%          1
 Shock                    Conj/Air       28%        1d4       4%          1
 Slow                     Hex            28%        N/A       4%          1
 Passwall                 Tmut/Erth      5%         N/A       5%          2
 Confusing Touch          Hex            7%         N/A       11%         3
 Inner Flame              Hex/Fire       7%         N/A       11%         3
 Stone Arrow              Conj/Erth      14%        3d7       11%         3
 Swiftness                Air            7%         N/A       11%         3
 Simulacrum               Ice/Necr       12%        N/A       21%         6
 Airstrike                Air            3%         2d(1-17)  30%         4
 Summon Forest            Summ/Tloc      3%         N/A       58%         5
 Summon Mana Viper        Hex/Summ       7%         N/A       58%         5
 Yara's Violent Unravell  Hex/Tmut       3%         3d4       58%         5
 Summon Cactus Giant      Summ           3%         N/A       98%         6
 Enfeeble                 Hex            3%         N/A       100%        7


Dungeon Overview and Level Annotations

Branches:
Dungeon (15/15)            Temple (1/1) D:6            Lair (5/5) D:10
 Shoals (0/4) Lair:2       Spider (0/4) Lair:2        Slime (0/5) Lair:5
    Orc (2/2) D:10            Elf (0/3) Orc:2        Vaults (0/5) D:13
 Depths (0/4) D:15          Sewer (visited)

Altars:
Ashenzari
Cheibriados
Dithmenos
Fedhas
Gozag
Hepliaklqana
Kikubaaqudgha
Makhleb
Nemelex Xobeh
Okawaru
Qazlal
Ru
Sif Muna
Trog
Uskayaw
Vehumet
Wu Jian
Xom
Yredelemnul
Jiyva

Shops:
D:5 *   D:6 =![[   D:7 !   D:10 =   D:11 (   Orc:1 :   Orc:2 (

Annotations:
D:5 1 runed translucent door, bronco's ghost, novice MeEE
D:8 Gastronok


Innate Abilities, Weirdness & Mutations

You are completely covered in thin metallic scales. (AC +4, rElec)
You regenerate health from kills.
When hurt, damage is shared between your health and your magic reserves.
You regenerate magic rapidly.
When low on magic, you restore magic in place of health.
Your touch may irresistibly damage your foes and sap their willpower.
[Your body often deteriorates upon taking damage.]
[Your magical capacity is very low. (-20% MP)]
[Your spells are much easier to cast, but much less powerful.]


Message History

The hell hound completely misses you. The tentacle slaps you!
* * * LOW HITPOINT WARNING * * *
You hit the tentacle.
The tentacle is lightly wounded.
The tentacle slaps you. The tentacle barely misses you.
The flying skull hits you but does no damage. x2
The hell hound bites you but does no damage.
The wretched star glows turbulently.
The lance of force hits you!!
* * * LOW HITPOINT WARNING * * *
Your body deteriorates!
You feel clumsy.
You are knocked back by the lance of force.
You violently stop moving!
Splash!
The rakshasa weaves an illusion.
The tentacle slaps you but does no damage.
The tentacle closely misses you. The flying skull misses you.
The flying skull hits you but does no damage.
The hell hound barely misses you.
A tentacle flies out from the starspawn's body!
The wretched star glows turbulently.
The lance of force hits you.
* * * LOW HITPOINT WARNING * * *
You are knocked back by the lance of force.
You collide with the bunyip zombie!
The bunyip zombie is moderately damaged.
* * * LOW HITPOINT WARNING * * *
Splash!
A starspawn tentacle comes into view. x2
You feel much better.
The tentacle slaps you but does no damage.
The tentacle slaps you!
* * * LOW HITPOINT WARNING * * *
Your body deteriorates!
You feel dopey. The bunyip zombie claws you.
* * * LOW HITPOINT WARNING * * *
The bunyip zombie barely misses you. The bunyip zombie closely misses you.
The flying skull barely misses you. x2; The hell hound bites you!
You die...
Kikubaaqudgha rasps: "You have failed me!
Welcome... death!"

## ... # . #.# #.. .# .
.. #.##.# #. .#
#..##.#.##.#. #
.....~*..x.§# # .#
#.~≈~≈~~XwXw## .##X#
#....~~≈h5XR§#### R . .#
.~~~≈≈~@z3z*#§ z ..##..
#≈..~≈wZzxz§##§zR.......
#..X~≈∩≈≈W~.#§.z*.......
.≈~≈~~~~≈h≈§§..#..... ..
#~≈.x~~x~~~≈...##. . #
.~≈≈~≈.~≈~~~...#.....#
..~.~~≈.~~~.#... .....
#..≈..~.~...##... .....
##..# ....# ..........


You could see a kraken, 2 tentacled starspawn, a wretched star, a rakshasa, an
ancient zyme, a thrashing horror, a tentacle, a smoke demon, a wraith, 2 hell
hounds, 3 small abominations, 2 starspawn tentacles, 4 flying skulls, a quasit,
a bunyip zombie and a lurking horror.

Vanquished Creatures
  An orc warlord (D:10)
  A dire elephant (Lair:5)
  Erolcha (D:12)
  2 hydras (D:15)
  A centaur warrior (D:13)
  A catoblepas (Lair:5)
  An ogre mage (D:13)
  4 death yaks
  4 two-headed ogres
  A boulder beetle (D:11)
  A death knight (D:14)
  A deep troll shaman (Lair:5)
  2 tengu warriors (D:15)
  Urug (Lair:3)
  An orc high priest (Orc:2)
  Nergalle (D:12)
  A skyshark (Lair:5)
  Lodul (D:10)
  5 orc knights
  A deep elf pyromancer (D:14)
  Pikel (D:7)
  2 orc sorcerers
  2 manticores
  4 cyclopes
  6 ugly things
  A salamander (shapeshifter) (D:14)
  9 elephants
  2 black mambas
  4 slime creatures (D:13)
  A black mamba (shapeshifter) (D:13)
  Maggie (D:7)
  A gargoyle (D:13)
  4 cane toads
  4 kobold demonologists
  4 rime drakes
  A komodo dragon (shapeshifter) (D:14)
  5 freezing wraiths (D:15)
  A yaktaur (D:15)
  A yaktaur (shapeshifter) (D:15)
  5 komodo dragons
  A meliai (Lair:2)
  A meliai (shapeshifter) (D:12)
  2 polar bears (Lair:5)
  Prince Ribbit (D:8)
  A hornet (D:9)
  8 trolls
  Grinder (D:3)
  4 blink frogs
  13 dream sheep
  A centaur simulacrum (D:14)
  A shadow (D:10)
  A spriggan (Lair:3)
  3 fire bats (Lair:1)
  4 wraiths
  45 yaks
  8 basilisks
  4 wyverns
  A steam dragon (D:9)
  10 vampire mosquitoes
  3 acid dragons
  5 wargs
  9 water moccasins
  4 black bears
  21 orc warriors
  2 sky beasts
  Duvessa (D:5)
  An ice beast (D:8)
  8 ogres
  5 centaurs
  27 wolves
  A lemure (D:7)
  A phantom (D:4)
  9 kobold brigands
  A gnoll sergeant (Orc:1)
  10 bullfrogs
  2 scorpions (D:5)
  3 wights (D:7)
  Dowan (D:5)
  8 killer bees
  2 jellies
  Crazy Yiuf (D:3)
  3 hounds
  2 gnoll boudas
  16 orc priests
  16 iguanas
  3 sleepcaps
  16 orc wizards
  9 adders
  20 gnolls
  A shadow imp (D:5)
  2 ufetubi (D:5)
  3 worms
  4 dart slugs
  58 orcs
  6 endoplasms
  9 giant cockroaches
  11 hobgoblins
  4 jackals (D:4)
  43 kobolds
  3 quokkas
  9 ball pythons
  11 bats
  2 frilled lizards (D:3)
  10 goblins
  4 rats
591 creatures vanquished.

Vanquished Creatures (collateral kills)
  A stone giant (D:15)
  A catoblepas (D:15)
  A hydra (D:14)
  3 death yaks
  A death knight (D:15)
  2 skysharks
  A cyclops (D:15)
  3 elephants (Lair:5)
  A guardian serpent (D:14)
  2 cane toads (Lair:5)
  3 komodo dragons (Lair:3)
  2 polar bears
  11 dream sheep
  A wraith (D:15)
  10 yaks
  2 basilisks
  A vampire mosquito (D:14)
  2 water moccasins (Lair:2)
  7 wolves
  A bullfrog (Lair:1)
  3 killer bees (Lair:2)
  An electric eel (Lair:2)
  An iguana (Lair:3)
  An orc (D:9)
  2 bats
  A butterfly (Lair:2)
65 creatures vanquished.

Vanquished Creatures (others)
  A death yak zombie (Lair:5)
  2 cane toad zombies
  6 elephant zombies (Lair:5)
  A komodo dragon zombie (Lair:5)
  9 yak zombies
  4 wolf zombies (Lair:4)
  A bullfrog zombie (Lair:1)
  A basilisk zombie (Lair:2)
  An orc priest (Orc:2)
  An orc wizard (Orc:2)
  2 orcs (Orc:1)
  21 starspawn tentacles (Abyss:1)
  9 tentacles (Abyss:1)
59 creatures vanquished.

Grand Total: 715 creatures vanquished

Notes
Turn   | Place    | Note
-------+----------+-------------------------------------------
     0 | D:1      | PaiMei the Demonspawn Necromancer began the quest for the
                  | Orb.
     0 | D:1      | Reached XP level 1. HP: 13/13 MP: 3/3
   255 | D:1      | Found a faded altar of an unknown god.
   423 | D:1      | Gained mutation: You regenerate magic rapidly. [demonic
                  | ancestry]
   423 | D:1      | Reached XP level 2. HP: 16/19 MP: 1/5
  1369 | D:2      | Gained mutation: When hurt, damage is shared between your
                  | health and your magic reserves. [demonic ancestry]
  1369 | D:2      | Reached XP level 3. HP: 25/25 MP: 4/6
  1462 | D:2      | Reached skill level 1 in Fighting
  1613 | D:2      | Gained mutation: You regenerate a little health from kills.
                  | [demonic ancestry]
  1613 | D:2      | Reached XP level 4. HP: 32/32 MP: 2/7
  2109 | D:2      | Reached skill level 5 in Necromancy
  2209 | D:3      | Found a blossoming altar of Fedhas.
  2302 | D:3      | Found a glowing drain.
  2318 | Sewer    | Entered a sewer
  2655 | Sewer    | Noticed a water moccasin
  2772 | Sewer    | Killed a water moccasin
  2773 | Sewer    | Gained mutation: When low on magic, you restore magic in
                  | place of health. [demonic ancestry]
  2773 | Sewer    | Reached XP level 5. HP: 34/39 MP: 2/9
  2921 | Sewer    | Learned a level 3 spell: Vampiric Draining
  2926 | Sewer    | Learned a level 4 spell: Animate Dead
  3416 | D:3      | Found an iron altar of Okawaru.
  3492 | D:3      | Noticed Grinder
  3607 | D:4      | Gained mutation: You are partially covered in thin metallic
                  | scales. (AC +2) [demonic ancestry]
  3607 | D:4      | Reached XP level 6. HP: 10/46 MP: 1/11
  4955 | D:4      | Reached skill level 6 in Necromancy
  4955 | D:4      | Reached XP level 7. HP: 52/52 MP: 2/12
  5340 | D:4      | Learned a level 5 spell: Agony
  5363 | D:5      | Entered Level 5 of the Dungeon
  5379 | D:5      | Found Fiapaen's CLEARANCE SALE!.
  5532 | D:5      | Found a runed translucent door.
  5907 | D:5      | Noticed Dowan
  5911 | D:5      | Killed Dowan
  5948 | D:5      | Reached XP level 8. HP: 61/61 MP: 6/14
  6109 | D:3      | Found a runed translucent door.
  6110 | D:3      | Noticed Crazy Yiuf
  6218 | D:3      | Paralysed by Grinder for 5 turns
  6229 | D:3      | Paralysed by Grinder for 2 turns
  6247 | D:3      | Killed Grinder
  6248 | D:3      | Reached skill level 7 in Necromancy
  6860 | D:3      | Killed Crazy Yiuf
  6998 | D:5      | Noticed Duvessa
  7135 | D:5      | Killed Duvessa
  7136 | D:5      | Reached skill level 5 in Spellcasting
  7140 | D:5      | Reached skill level 5 in Dodging
  7654 | D:5      | Noticed bronco's ghost (novice MeEE)
  7675 | D:6      | Reached skill level 5 in Fighting
  7831 | D:6      | Found Qaruq's Antique Armour Shop.
  7949 | D:6      | Found Pucekoesch's Antique Armour Shop.
  8116 | D:6      | Found a shimmering blue altar of Sif Muna.
  8165 | D:6      | Found a staircase to the Ecumenical Temple.
  8271 | Temple   | Entered the Ecumenical Temple
  8572 | Temple   | Became a worshipper of Kikubaaqudgha
  8655 | D:6      | Reached XP level 9. HP: 68/68 MP: 5/17
  8742 | D:6      | Found Owiura's Distillery.
  8745 | D:6      | Bought a potion of curing for 33 gold pieces
  8745 | D:6      | Bought a potion of might for 44 gold pieces
  8768 | D:6      | Found Mius Usu's Jewellery Shop.
  8843 | D:6      | Found a sparkling altar of Nemelex Xobeh.
  9299 | D:7      | Found a hide-covered altar of Uskayaw.
  9407 | D:7      | Reached skill level 8 in Necromancy
  9856 | D:7      | Noticed Maggie
  9872 | D:7      | Killed Maggie
 10424 | D:7      | Found Qaolesau's Distillery.
 10429 | D:7      | Bought a potion of heal wounds for 55 gold pieces
 10429 | D:7      | Bought a potion of magic for 88 gold pieces
 10834 | D:8      | Reached * piety under Kikubaaqudgha
 10834 | D:8      | Received a gift from Kikubaaqudgha
 10849 | D:8      | Reached skill level 9 in Necromancy
 10871 | D:8      | Gained mutation: Your touch may inflict minor irresistible
                  | damage on your foes. [demonic ancestry]
 10871 | D:8      | Reached XP level 10. HP: 23/79 MP: 2/20
 11181 | D:8      | Noticed Prince Ribbit
 11204 | D:8      | Killed Prince Ribbit
 11278 | D:8      | Noticed Pikel
 11748 | D:7      | Killed Pikel
 12111 | D:8      | Noticed Gastronok
 12468 | D:9      | Noticed a manticore
 12483 | D:9      | Killed a manticore
 13838 | D:9      | Reached skill level 10 in Necromancy
 14048 | D:10     | Entered Level 10 of the Dungeon
 14048 | D:10     | Noticed Lodul
 14856 | D:10     | Found a staircase to the Lair.
 14856 | D:10     | Noticed an elephant
 15003 | D:10     | Killed an elephant
 15003 | D:10     | Reached ** piety under Kikubaaqudgha
 15110 | D:10     | Noticed a brown ugly thing
 15110 | D:10     | You fall into a shaft and drop 2 floors!
 15116 | D:11     | Found Wafuzok's Antique Weapon Emporium.
 15135 | D:11     | Gained mutation: Your touch may inflict irresistible damage
                  | on your foes. [demonic ancestry]
 15135 | D:11     | Reached XP level 11. HP: 87/87 MP: 8/23
 15276 | D:10     | Found a staircase to the Orcish Mines.
 16034 | D:11     | Found Zin's Purification Station.
 16240 | D:11     | Noticed a sun demon
 16398 | D:10     | Killed a brown ugly thing
 16484 | D:10     | Found Afruink's Jewellery Emporium.
 16954 | D:10     | Killed Lodul
 18103 | D:11     | Noticed a boulder beetle
 18144 | D:11     | Killed a boulder beetle
 18145 | D:11     | Reached skill level 11 in Necromancy
 18684 | D:11     | Bought a fine flail for 204 gold pieces
 18684 | D:11     | Identified the +6 flail "Odac" {venom, rPois Int+3 Dex-4}
                  | (You bought it in a shop on level 11 of the Dungeon)
 18731 | Lair:1   | Entered Level 1 of the Lair of Beasts
 19196 | Lair:1   | Identified the staff of cold "Potsyazo" {rC+ rCorr Str+4
                  | Int+4}
 19753 | Lair:1   | Reached *** piety under Kikubaaqudgha
 19753 | Lair:1   | Received a gift from Kikubaaqudgha
 20238 | Lair:1   | Gained mutation: You are mostly covered in thin metallic
                  | scales. (AC +3) [demonic ancestry]
 20238 | Lair:1   | Reached XP level 12. HP: 97/97 MP: 14/25
 20890 | Lair:1   | Reached skill level 10 in Fighting
 21066 | Lair:2   | Reached skill level 12 in Necromancy
 21153 | Lair:2   | Found a staircase to the Shoals.
 21154 | Lair:2   | Found a hole to the Spider Nest.
 22902 | Lair:3   | Noticed Urug
 23099 | Lair:3   | Reached skill level 10 in Dodging
 23099 | Lair:3   | Reached skill level 10 in Spellcasting
 23144 | Lair:3   | Noticed a death yak
 23185 | Lair:3   | Killed a death yak
 23185 | Lair:3   | Reached **** piety under Kikubaaqudgha
 23647 | Lair:3   | Killed Urug
 24283 | Lair:3   | Reached skill level 1 in Armour
 25609 | Lair:4   | Reached skill level 13 in Necromancy
 25609 | Lair:4   | Gained mutation: Your touch may irresistibly damage your
                  | foes and sap their willpower. [demonic ancestry]
 25609 | Lair:4   | Reached XP level 13. HP: 86/106 MP: 16/27
 26300 | Lair:4   | Learned a level 4 spell: Dispel Undead
 26305 | Lair:4   | Learned a level 4 spell: Anguish
 26306 | Lair:5   | Entered Level 5 of the Lair of Beasts
 26638 | Lair:5   | Reached ***** piety under Kikubaaqudgha
 28546 | Lair:5   | Found a staircase to the Slime Pits.
 29335 | Lair:5   | Reached skill level 5 in Armour
 29335 | Lair:5   | Reached skill level 14 in Necromancy
 29603 | Lair:5   | Found a viscous altar of Jiyva.
 30040 | Lair:5   | Noticed a dire elephant
 30124 | Lair:4   | Gained mutation: You regenerate health from kills. [demonic
                  | ancestry]
 30124 | Lair:4   | Reached XP level 14. HP: 33/116 MP: 3/29
 31611 | Lair:5   | Identified the +1 robe "Fiapni" {Fly rElec rPois}
 31992 | D:12     | Noticed Erolcha
 32271 | D:12     | Noticed Nergalle
 33143 | D:12     | Killed Nergalle
 33600 | D:12     | Killed Erolcha
 37616 | D:13     | Found a gate to the Vaults.
 38805 | D:14     | Found a radiant altar of Vehumet.
 39448 | D:14     | Reached skill level 15 in Necromancy
 40093 | D:15     | Entered Level 15 of the Dungeon
 40502 | D:15     | Found a staircase to the Depths.
 40502 | D:15     | Noticed a stone giant
 40720 | D:15     | Found a broken altar of Ashenzari.
 40756 | D:15     | Killed a stone giant
 42270 | D:15     | Identified a scroll of acquirement
 42530 | Orc:1    | Entered Level 1 of the Orcish Mines
 42531 | Orc:1    | Noticed an orc warlord
 43208 | D:10     | Killed an orc warlord
 43555 | Orc:1    | Paralysed by an orc sorcerer for 4 turns
 44088 | Orc:1    | Gained mutation: You are completely covered in thin
                  | metallic scales. (AC +4, rElec) [demonic ancestry]
 44088 | Orc:1    | Reached XP level 15. HP: 119/121 MP: 22/31
 44919 | Orc:1    | Found Lowim's Self-Improvement Boutique.
 45552 | Orc:2    | Entered Level 2 of the Orcish Mines
 45558 | Orc:1    | Reached ****** piety under Kikubaaqudgha
 48911 | Orc:2    | Found Kavawo Qimi's Weapon Emporium.
 49300 | Orc:2    | Found a staircase to the Elven Halls.
 50223 | Abyss:1  | Cast into level 1 of the Abyss (orc sorcerer)
 50266 | Abyss:1  | Found a corrupted altar of Lugonu.
 50281 | Abyss:1  | Noticed a tentacled starspawn
 50426 | Abyss:1  | Found a corrupted altar of Lugonu.
 50475 | Abyss:1  | Noticed a kraken
 50484 | Abyss:1  | HP: 5/122 [bunyip zombie collision (3)]
 50485 | Abyss:1  | HP: 2/122 [bunyip zombie (2)]
 50485 | Abyss:1  | Mangled by a hell hound

Illustrated notes

Levels and vault maps discovered:
D:1:      dpeg_arrival_line_fractal, layout_basic,
          shapermc_ecumenical_altar_mp_highgroup
D:2:      layout_basic
D:3:      layout_basic, mainiacjoe_overflow_catwalk, lemuel_crystal_altar,
          portal_sewer_entry_f, minmay_misc_feat_room,
          chequers_serial_rivers_room_b, uniq_crazy_yiuf_cottage, uniq_grinder
D:4:      corexii_shack_village, layout_basic
D:5:      layout_rooms, ebering_ghost_reflecting_pool, palyth_stone_intersect,
          nicolae_shop_clearance, uniq_duvessa
D:6:      layout_basic, led_sif_pool, general_overflow_altar,
          minmay_temple_entry_tees, serial_shops, nicolae_shop_behind_doors,
          shop_fountains, nicolae_shop_gaudy_bauble,
          nicolae_shop_just_a_little_nook
D:7:      layout_basic, nicolae_uskayaw_dance_studio, serial_shops, shop,
          uniq_maggie
D:8:      layout_rooms, kennysheep_small_spiral, uniq_pikel, uniq_gastronok,
          uniq_prince_ribbit1
D:9:      layout_irregular_city
D:10:     layout_roguey, david_lair_generic, minmay_orc_entry_temple_small,
          serial_shops, shop, minmay_misc_feat_alley, uniq_lodul
D:11:     layout_loops_ring, serial_shops, shop, zin_purify
D:12:     layout_roguey, minmay_rotating_lava, uniq_erolcha, uniq_nergalle
D:13:     layout_rooms, david_vaults_2, serial_rivers,
          chequers_serial_rivers_small_3, chequers_serial_rivers_small_b,
          chequers_serial_rivers_small_3, chequers_serial_rivers_micro_d,
          chequers_serial_rivers_room_b, chequers_serial_rivers_large_b
D:14:     layout_roguey, vehumet_crystals, nrook_guardian_serpent_ordinary
D:15:     grunt_enter_depths_giant_problem, layout_irregular_city,
          nicolae_ashenzari_panopticon
Temple:   minmay_temple_bridge_d
Lair:1:   layout_long_grid, nicolae_volcano_entry_batcave, serial_bayou_crossing
Lair:2:   layout_cave_pods, elwin_shoals_entry_rocks,
          hellmonk_spider_entry_not_the_bees, dreamdust_mushroom_princess,
          grunt_megastairs_3, serial_bayou_shore_a, lemuel_fruit_fields,
          lemuel_fruit_fields
Lair:3:   beast_lair_carwin_large_3, layout_chaotic_city,
          grunt_forest_large_clearing_hut, uniq_urug
Lair:4:   layout_small_grid
Lair:5:   grunt_lair_end_beastmaster, layout_loops_ring, slime_entry_1,
          infiniplex_staircase_pool
Orc:1:    layout_caves, basic_altar, nicolae_shop_self_help
Orc:2:    grunt_orc_tribal_feast, layout_caves, serial_shops,
          nicolae_shop_tiny_real_fake_doors, mines_bat_river
Abyss:1:  base: D:11, evilmike_abyss_exit_kraken, evilmike_abyss_exit_kraken

Skill      XL: |  1  2  3  4  5  6  7  8  9 10 11 12 13 14 15 |
---------------+----------------------------------------------+-----
Stealth        | 2 |  2.0
Dodging        | 2 3 4 5 6 8 9 10 | 10.2
Fighting       | 1 2 3 4 5 7 8 9 11 12 13 | 13.8
Necromancy     | 5 6 7 9 10 11 13 14 15 | 15.6
Spellcasting   | 3 4 5 6 8 9 10 11 12 | 12.9
Armour         | 2 5 7 8 |  8.0

Action                     |  1- 3 |  4- 6 |  7- 9 | 10-12 | 13-15 || total
---------------------------+-------+-------+-------+-------+-------++-------
  Melee: Unarmed           |     6 |       |       |       |       ||     6
         Short sword       |     4 |       |       |       |       ||     4
         Dagger            |    12 |    75 |   190 |    36 |       ||   313
         Punch             |       |     1 |     2 |     9 |     7 ||    19
         Quarterstaff      |       |       |       |    45 |       ||    45
         Long sword        |       |       |       |   217 |       ||   217
         Touch             |       |       |       |    67 |    44 ||   111
         Mace              |       |       |       |    12 |   208 ||   220
   Cast: Necrotise         |    80 |   120 |    98 |    71 |   127 ||   496
         Vampiric Draining |       |     9 |   103 |   254 |   515 ||   881
         Agony             |       |       |       |    42 |   113 ||   155
         Animate Dead      |       |       |       |     6 |     8 ||    14
         Dispel Undead     |       |       |       |       |    26 ||    26
    Use: Scroll            |       |       |       |    18 |    16 ||    34
         Potion            |       |       |       |     1 |     9 ||    10
   Stab: Distracted        |       |       |       |     1 |     3 ||     4
 Armour: Robe              |    20 |    49 |   102 |   223 |   165 ||   559
         Ring mail         |       |       |       |       |   131 ||   131
         Troll leather arm |       |       |       |       |   182 ||   182
  Dodge: Dodged            |    30 |    80 |   182 |   567 |   989 ||  1848
